 Dungeon Crawl Stone Soup version 0.26-a0-812-g31a745ddcd (webtiles) character file.

Game seed: 13559814760509721227

11325 Dracia the Destroyer (level 11, -10/74 HPs)
             Began as a Green Draconian Conjurer on Dec 8, 2020.
             Was an Elder of Vehumet.
             Mangled by a six-headed hydra (13 damage)
             ... on level 3 of the Lair of Beasts.
             The game lasted 00:35:29 (13150 turns).

Dracia the Destroyer (Green Draconian Conjurer)    Turns: 13150, Time: 00:35:30

Health: -10/74     AC: 11    Str:  7    XL:     11   Next: 47%
Magic:  16/20      EV: 18    Int: 22    God:    Vehumet [****..]
Gold:   738        SH:  0    Dex: 15    Spells: 5/22 levels left

rFire    + . .     SeeInvis .   P - +8 scimitar of Damiqam {freeze, rPois rN+ Str-3}
rCold    x . .     Faith    .   (no shield)
rNeg     + . .     Spirit   .   (armour unavailable)
rPois    +         Reflect  .   (helmet restricted)
rElec    .         Harm     .   c - +0 cloak
rCorr    .         Rampage  .   u - +2 pair of gloves
MR       .....                  (no boots)
Stlth    ++........             v - amulet of magic regeneration
HPRegen  0.22/turn              d - +6 ring of dexterity
MPRegen  0.42/turn              F - ring of fire

@: no status effects
A: breathe noxious fumes, unfitting armour, hooves 1, blurry vision 1, poison
resistance, evolution 1, cold-blooded, AC +7
a: Breathe Noxious Fumes, Renounce Religion


You were on level 3 of the Lair of Beasts.
You worshipped Vehumet.
Vehumet was greatly pleased with you.
You visited 3 branches of the dungeon, and saw 14 of its levels.

You collected 738 gold pieces.


Innate Abilities, Weirdness & Mutations

You can breathe blasts of noxious fumes.
Your lurid green scales are hard. (AC +7)
You cannot fit into any form of body armour.
Your system is resistant to poisons. (rPois)
You are cold-blooded and may be slowed by cold attacks.
You have large cloven feet.
Scrolls take you a little longer to read.
You evolve.


   Skills:
 + Level 9.4 Dodging
 - Level 1.7 Stealth
 - Level 6.4 Spellcasting
 + Level 13.9 Conjurations


You had 5 spell levels left.
You knew the following spells:

 Your Spells              Type           Power        Failure   Level
d - Dazzling Flash        Conj/Hex       #####.       1%          3
f - Fulminant Prism       Conj/Hex       #####.....   1%          4
r - Inner Flame           Hex/Fire       ##......     7%          3
s - Searing Ray           Conj           ######       1%          2
z - Magic Dart            Conj           ####         1%          1
X - Iskenderun's Mystic   Conj/Tloc      #####...     1%          4

Your spell library contained the following spells:

 Spells                   Type           Power        Failure   Level
 Fireball                 Conj/Fire      ######....   4%          5
 Corona                   Hex            #......      9%          1
 Ensorcelled Hibernation  Hex/Ice        #.....       13%         2
 Confusing Touch          Hex            #.......     26%         3
 Tukima's Dance           Hex            #.......     26%         3

Inventory:

Hand Weapons
 q - a +3 dagger of venom
 C - a +1 vorpal long sword
 E - a +4 dagger of venom
 H - a +0 hunting sling of flaming
 P - the +8 scimitar of Damiqam (weapon) {freeze, rPois rN+ Str-3}
   (You found it on level 10 of the Dungeon)

   It has been specially enchanted to freeze those struck by it, causing extra
   injury to most foes and up to half again as much damage against particularly
   susceptible opponents.
   It can also slow down cold-blooded creatures.
   It affects your strength (-3).
   It protects you from poison.
   It protects you from negative energy.
Missiles
 e - 2 datura-tipped darts
 r - 53 poisoned darts (quivered)
 K - 2 throwing nets {=f=f}
 L - 7 curare-tipped darts {=f=f}
Armour
 c - a +0 cloak (worn)
 u - a +2 pair of gloves (worn)
Jewellery
 d - a +6 ring of dexterity (left hand)
 v - an amulet of magic regeneration (around neck)
 F - a ring of fire (right hand)
 N - an uncursed ring of fire
Wands
 m - a wand of iceblast (25)
 s - a wand of enslavement (19)
 w - a wand of disintegration (50)
 y - a wand of random effects (29)
 J - a wand of paralysis (8)
 M - a wand of digging (5)
Scrolls
 b - 3 scrolls of fog
 h - 15 scrolls of identify {@r1@r1}
 i - a scroll of enchant weapon
 n - 5 scrolls of teleportation {@r4@r4}
 x - 3 scrolls of remove curse {@r2@r2}
 A - 2 scrolls of amnesia
 B - 2 scrolls of fear
 I - a scroll of blinking
 O - a scroll of enchant armour
Potions
 a - 5 potions of curing {@q1@q1}
 f - a potion of haste {unknown}
 g - 3 potions of heal wounds {@q2@q2}
 k - a potion of attraction
 z - 2 potions of lignification

Dungeon Overview and Level Annotations

Branches:
Dungeon (10/15)            Temple (1/1) D:4            Lair (2/6) D:10
  Swamp: Lair:2-4    Shoals: Lair:2-4     Snake: Lair:2-4    Spider: Lair:2-4
    Orc: D:9-12

Altars:
Ashenzari
Dithmenos
Elyvilon
Fedhas
Makhleb
Nemelex Xobeh
Okawaru
Qazlal
Ru
Sif Muna
Vehumet
Xom

Shops:
D:5 (=:   D:9 }

Annotations:
D:4 , 1 runed translucent door, Borgoz's ghost, novice HOFi
D:10 Urug

#..........#
##..#####'##
####.....#
#...#.##
##+#.###
#.....#
+.#.#.#
#...#..#
##P@#..#
#..D....#
........#.##
..........#
..####### #


P You could see a six-headed hydra.


Message History

The six-headed hydra misses you.
The searing ray hits the six-headed hydra!
The six-headed hydra is moderately wounded.
The six-headed hydra bites you!
* * * LOW HITPOINT WARNING * * *
The six-headed hydra bites you but does no damage.
The six-headed hydra bites you.
* * * LOW HITPOINT WARNING * * *
The six-headed hydra bites you.
* * * LOW HITPOINT WARNING * * *
The six-headed hydra completely misses you.
The six-headed hydra bites you!
* * * LOW HITPOINT WARNING * * *
The searing ray hits the six-headed hydra!
The six-headed hydra is heavily wounded.
The six-headed hydra bites you!
* * * LOW HITPOINT WARNING * * *
The six-headed hydra closely misses you.
The six-headed hydra misses you. The six-headed hydra bites you.
* * * LOW HITPOINT WARNING * * *
The six-headed hydra bites you but does no damage.
The six-headed hydra misses you.
The searing ray hits the six-headed hydra!
The six-headed hydra is severely wounded.
You finish channeling your searing ray.
The six-headed hydra misses you.
You riposte.
You barely miss the six-headed hydra.
The six-headed hydra is severely wounded.
The six-headed hydra bites you but does no damage.
The six-headed hydra bites you!
You die...

Skill      XL: |  1  2  3  4  5  6  7  8  9 10 11 |
---------------+----------------------------------+-----
Spellcasting   | 3 4 5 6 |  6.4
Conjurations   | 5 6 7 8 10 12 13 | 13.9
Dodging        | 2 6 8 9 |  9.4
Stealth        | |  1.7

Action                   |  1- 3 |  4- 6 |  7- 9 | 10-12 || total
-------------------------+-------+-------+-------+-------++-------
Melee: Unarmed           |     1 |       |       |       ||     1
       Spear             |    10 |       |       |       ||    10
       Dagger            |    20 |    67 |   138 |    54 ||   279
       Tailslap          |       |     8 |    15 |    10 ||    33
       Scimitar          |       |       |       |    14 ||    14
       Kick              |       |       |       |     3 ||     3
 Cast: Magic Dart        |    60 |    59 |   183 |   173 ||   475
       Searing Ray       |     1 |     5 |    25 |    41 ||    72
       Iskenderun's Myst |       |       |     1 |    13 ||    14
       Inner Flame       |       |       |       |     2 ||     2
 Abil: Breathe Noxious F |       |       |     6 |     5 ||    11
  Use: Scroll            |     2 |     5 |     7 |     1 ||    15
       Potion            |       |       |     1 |    14 ||    15
 Stab: Sleeping          |     1 |     1 |     1 |       ||     3
Armor: Skin              |    16 |    39 |    82 |    72 ||   209
Dodge: Dodged            |    36 |    71 |   110 |   185 ||   402
       Rpst.: Scimitar   |       |       |       |    15 ||    15

Levels and vault maps discovered:
D:1:      ebering_hopf_link, layout_loops_cross, minmay_misc_feat_square
D:2:      layout_loops_cross, lemuel_round_altar
D:3:      layout_rooms, minmay_misc_feat_encased, uniq_crazy_yiuf_cottage,
          uniq_natasha, uniq_jessica
D:4:      layout_rooms, gammafunk_temple_overflow_arena,
          minmay_temple_entry_ruins, ebering_ghost_reflecting_pool,
          chequers_serial_rivers_small_3, uniq_robin, uniq_menkaure
D:5:      layout_basic, serial_undead, serial_undead_b, serial_undead_e,
          serial_undead_f, serial_undead_e, serial_shops, shop, shop_fountains,
          nicolae_shop_trees, kennysheep_flooded_box
D:6:      layout_cave_pools, lemuel_doored_altar, grunt_ministairs_12,
          st_stairs_8, uniq_pikel, uniq_blork_the_orc
D:7:      layout_basic, uniq_joseph, uniq_duvessa, uniq_maggie
D:8:      layout_gridville, uniq_harold, uniq_erica
D:9:      layout_stronghold, marbit_many_paths,
          grunt_dithmenos_smoke_and_mirrors, lemuel_crystal_altar,
          grunt_temple_overflow_diamond, serial_shops, shop
D:10:     layout_cave_pods, dpeg_oklobed_lair, minmay_misc_feat_rows,
          kennysheep_nondescript, uniq_urug
Temple:   nicolae_temple_god_jail
Lair:1:   beast_lair_carwin_large_1, layout_small_grid
Lair:2:   layout_gridlike, spider_nest_entry_funnel_web
Lair:3:   layout_roguey, skrybe_swamp_entry_bodies

Notes
Turn   | Place    | Note
-------+----------+-------------------------------------------
     0 | D:1      | Dracia the Draconian Conjurer began the quest for the Orb.
     0 | D:1      | Reached XP level 1. HP: 14/14 MP: 3/3
   278 | D:1      | Reached XP level 2. HP: 20/20 MP: 0/5
   849 | D:1      | Learned a level 2 spell: Searing Ray
  1203 | D:2      | Reached XP level 3. HP: 26/26 MP: 7/7
  1473 | D:2      | Found a white marble altar of Elyvilon.
  1781 | D:3      | Noticed Jessica
  2009 | D:3      | Killed Jessica
  2009 | D:3      | Reached skill level 3 in Spellcasting
  2009 | D:3      | Reached skill level 5 in Conjurations
  2009 | D:3      | Reached XP level 4. HP: 28/33 MP: 3/8
  2115 | D:3      | Noticed Natasha
  2120 | D:3      | Killed Natasha
  2184 | D:3      | Noticed Natasha
  2190 | D:3      | Killed Natasha
  2251 | D:3      | Noticed Natasha
  2254 | D:3      | Killed Natasha
  2254 | D:3      | Reached XP level 5. HP: 26/38 MP: 3/10
  2259 | D:3      | Learned a level 3 spell: Dazzling Flash
  2765 | D:3      | Found a runed translucent door.
  2766 | D:3      | Noticed Crazy Yiuf
  2934 | D:3      | Killed Crazy Yiuf
  3069 | D:4      | Reached skill level 6 in Conjurations
  3080 | D:4      | Learned a level 4 spell: Fulminant Prism
  3229 | D:4      | Found a transporter.
  3253 | D:4      | Found a transporter.
  3256 | D:4      | Noticed a phantom
  3265 | D:4      | Found a sparkling altar of Nemelex Xobeh.
  3306 | D:4      | Found a runed translucent door.
  3335 | D:4      | Noticed Borgoz's ghost (novice HOFi)
  3356 | D:4      | Noticed Robin
  3370 | D:4      | Reached XP level 6. HP: 30/45 MP: 6/11
  3558 | D:4      | Noticed Menkaure
  3562 | D:4      | Killed Menkaure
  3562 | D:4      | Reached skill level 4 in Spellcasting
  3740 | D:4      | Killed Robin
  3793 | D:4      | Found a staircase to the Ecumenical Temple.
  3890 | D:5      | Entered Level 5 of the Dungeon
  3910 | D:5      | Reached skill level 7 in Conjurations
  3956 | Temple   | Entered the Ecumenical Temple
  3970 | Temple   | Became a worshipper of Vehumet
  4264 | D:5      | Your scales start taking on a lurid green colour.
  4264 | D:5      | Reached XP level 7. HP: 49/50 MP: 13/13
  4264 | D:5      | Gained mutation: Your system is resistant to poisons.
                  | (rPois) [Green Draconian growth]
  4338 | D:5      | Learned a level 4 spell: Iskenderun's Mystic Blast
  4526 | D:5      | Reached skill level 5 in Spellcasting
  4526 | D:5      | Reached skill level 8 in Conjurations
  4731 | D:5      | Found an iron altar of Okawaru.
  4762 | D:5      | Reached * piety under Vehumet
  4762 | D:5      | Offered knowledge of Sandblast by Vehumet.
  4767 | D:5      | Reached XP level 8. HP: 57/57 MP: 11/15
  4814 | D:5      | Found Kaihaxt's Book Shop.
  4824 | D:5      | Found Qeafo's Jewellery Emporium.
  5097 | D:5      | Found Toniubraxt's Antique Weapon Boutique.
  5260 | D:4      | Reached skill level 9 in Conjurations
  5656 | D:6      | Reached skill level 6 in Spellcasting
  5788 | D:6      | Reached skill level 10 in Conjurations
  5973 | D:6      | Noticed Blork the orc
  5980 | D:6      | Killed Blork the orc
  5997 | D:6      | Found a sacrificial altar of Ru.
  6009 | D:6      | Reached skill level 2 in Dodging
  6046 | D:6      | Reached XP level 9. HP: 62/62 MP: 15/18
  6109 | D:6      | Noticed Pikel
  6115 | D:6      | Killed Pikel
  6115 | D:6      | Reached skill level 3 in Dodging
  6139 | D:6      | Reached ** piety under Vehumet
  6202 | D:6      | Offered knowledge of Shock by Vehumet.
  6358 | D:7      | Reached skill level 11 in Conjurations
  6623 | D:7      | Noticed Dowan
  6646 | D:7      | Noticed Duvessa
  6661 | D:7      | Killed Dowan
  6663 | D:7      | Killed Duvessa
  6663 | D:7      | Reached skill level 4 in Dodging
  6869 | D:7      | Noticed Maggie
  6882 | D:7      | Killed Maggie
  7092 | D:7      | Noticed Joseph
  7136 | D:7      | Killed Joseph
  7136 | D:7      | Reached skill level 5 in Dodging
  7324 | D:7      | Offered knowledge of Conjure Flame by Vehumet.
  7860 | D:8      | Noticed Erica
  7882 | D:8      | HP: 6/62 [something/bolt of poison (6)]
  7885 | D:8      | Killed Erica
  7885 | D:8      | Reached skill level 6 in Dodging
  7885 | D:8      | Reached skill level 12 in Conjurations
  7885 | D:8      | Reached XP level 10. HP: 20/69 MP: 13/19
  8100 | D:7      | Identified a potion of resistance
  8243 | D:8      | Reached *** piety under Vehumet
  8433 | D:8      | Noticed Harold
  8452 | D:8      | Killed Harold
  8993 | D:8      | Reached skill level 7 in Dodging
  8996 | D:8      | Offered knowledge of Inner Flame by Vehumet.
  9378 | D:9      | Found a broken altar of Ashenzari.
  9487 | D:9      | Found Qeitiede's Gadget Shoppe.
  9620 | D:9      | Learned a level 3 spell: Inner Flame
  9947 | D:9      | Found a shadowy altar of Dithmenos.
 10027 | D:9      | Found a blossoming altar of Fedhas.
 10033 | D:9      | Found a stormy altar of Qazlal.
 10036 | D:9      | Found a burning altar of Makhleb.
 10084 | D:9      | Found an iron altar of Okawaru.
 10554 | D:10     | Entered Level 10 of the Dungeon
 10563 | D:10     | Reached skill level 13 in Conjurations
 10606 | D:10     | Reached skill level 8 in Dodging
 10914 | D:10     | Got a translucent scimitar
 10915 | D:10     | Identified the +8 scimitar of Damiqam {freeze, rPois rN+
                  | Str-3} (You found it on level 10 of the Dungeon)
 10941 | D:10     | Noticed a gargoyle
 10941 | D:10     | Noticed Urug
 10943 | D:10     | Noticed a death knight
 10947 | D:10     | Reached XP level 11. HP: 74/74 MP: 13/20
 11511 | D:10     | Found a staircase to the Lair.
 11525 | Lair:1   | Entered Level 1 of the Lair of Beasts
 11536 | Lair:1   | Gained mutation: Scrolls take you a little longer to read.
                  | [potion of mutation]
 11536 | Lair:1   | Gained mutation: You evolve. [potion of mutation]
 12030 | Lair:1   | Reached **** piety under Vehumet
 12283 | Lair:1   | Gained mutation: You have large cloven feet. [evolution]
 12339 | Lair:1   | Noticed a seven-headed hydra
 12347 | Lair:1   | Killed a seven-headed hydra
 12639 | Lair:2   | Reached skill level 9 in Dodging
 12654 | Lair:2   | You fall into a shaft and drop 1 floor!
 13078 | Lair:3   | Offered knowledge of Fireball by Vehumet.
 13142 | Lair:3   | Noticed a six-headed hydra
 13149 | Lair:3   | HP: 4/74 [six-headed hydra (12)]
 13150 | Lair:3   | Mangled by a six-headed hydra

Vanquished Creatures
  Harold (D:8)
  A hydra (Lair:1)
  Erica (D:8)
  Pikel (D:6)
  3 elephants (Lair:3)
  Joseph (D:7)
  A black mamba (Lair:1)
  Maggie (D:7)
  3 komodo dragons
  A troll (D:9)
  A polar bear (Lair:1)
  4 yaks (D:10)
  A steam dragon (D:9)
  Menkaure (D:4)
  A soldier ant (D:9)
  5 water moccasins
  Duvessa (D:7)
  2 orc warriors (D:8)
  4 ice beasts
  A black bear (D:9)
  A necrophage (D:6)
  3 phantoms
  An ogre (D:6)
  2 centaurs
  2 big kobolds
  Blork the orc (D:6)
  9 bullfrogs
  A gnoll sergeant (D:8)
  Dowan (D:7)
  3 scorpions
  A water moccasin skeleton (D:5)
  7 killer bees
  A wight (D:4)
  A howler monkey (D:5)
  4 bullfrog zombies
  A jelly (D:5)
  A quasit (D:9)
  A hound (D:7)
  6 orc wizards
  An orc priest (D:6)
  2 centaur skeletons
  Crazy Yiuf (D:3)
  Jessica (D:3)
  Natasha (thrice) (D:3)
  7 iguanas
  8 worker ants
  3 hound zombies
  2 howler monkey zombies
  Robin (D:4)
  A worker ant zombie (D:6)
  7 gnolls
  7 adders
  A shadow imp (D:6)
  5 white imps
  4 ufetubi
  3 oozes
  An adder zombie (D:5)
  2 adder skeletons (D:4)
  5 leopard geckos
  28 orcs
  6 bats
  6 giant cockroaches
  17 goblins
  12 hobgoblins
  6 jackals
  8 quokkas
  6 frilled lizards
  A jackal zombie (D:7)
  14 kobolds
  3 leopard gecko skeletons
  A leopard gecko zombie (D:5)
  7 rats
262 creatures vanquished.

Vanquished Creatures (others)
  4 fungi (Lair:3)
  13 plants
  3 withered plants (D:5)
20 creatures vanquished.

Grand Total: 282 creatures vanquished

Table legend: (Time is in decaauts)
 A = Elapsed time spent in this place.
 B = Non-inter-level travel time spent in this place.
 C = Inter-level travel time spent in this place.
 D = Time resting spent in this place.
 E = Time spent auto-exploring this place.
 F = Levels seen in this place.
 G = Mean time per level.
                   A        B        C        D        E       F      G
               +--------+--------+--------+--------+--------+-----+--------+
         Total |  13196 |  12577 |    619 |   2343 |   8332 |  14 |  942.6 |
       Dungeon |  11543 |  10944 |    599 |   1944 |   7326 |  10 | 1154.3 |
        Temple |     23 |     15 |      8 |      0 |      6 |   1 |   23.0 |
          Lair |   1629 |   1619 |     10 |    399 |   1000 |   3 |  543.0 |
               +--------+--------+--------+--------+--------+-----+--------+

Top non-repeatable levels by time:
     D:7: 1829 daAuts
     D:9: 1654 daAuts
     D:8: 1320 daAuts
     D:4: 1310 daAuts
     D:3: 1096 daAuts
     D:5: 1058 daAuts
  Lair:1: 1034 daAuts
     D:1: 1004 daAuts
     D:2: 991 daAuts
     D:6: 774 daAuts
    D:10: 502 daAuts
  Lair:3: 497 daAuts
  Lair:2: 98 daAuts
  Temple: 23 daAuts

Table legend:
 A = Non-vault XP
 B = Vault XP
 C = Vault XP percentage of total XP
 D = Non-vault monster count
 E = Vault monster count
 F = Vault count percentage of total count
                 A         B        C        D         E       F
            +---------+---------+-------+---------+---------+-------
      Total |    9941 |    6238 |  38.6 |     218 |      44 |  16.8
            +---------+---------+-------+---------+---------+-------
        D:1 |      34 |       0 |   0.0 |      20 |       0 |   0.0
        D:2 |      39 |       0 |   0.0 |      20 |       0 |   0.0
        D:3 |      86 |     113 |  56.8 |      11 |       3 |  21.4
        D:4 |     114 |     420 |  78.7 |      16 |      17 |  51.5
        D:5 |     939 |      71 |   7.0 |      30 |       4 |  11.8
        D:6 |     887 |     848 |  48.9 |      24 |       4 |  14.3
        D:7 |     828 |    1104 |  57.1 |      31 |       4 |  11.4
        D:8 |     981 |    1873 |  65.6 |      27 |       2 |   6.9
        D:9 |    1228 |       3 |   0.2 |      17 |       1 |   5.6
       D:10 |    1441 |       0 |   0.0 |      10 |       0 |   0.0
     Lair:1 |    1314 |    1806 |  57.9 |       6 |       9 |  60.0
     Lair:2 |     233 |       0 |   0.0 |       2 |       0 |   0.0
     Lair:3 |    1817 |       0 |   0.0 |       4 |       0 |   0.0
            +---------+---------+-------+---------+---------+-------
